 Dungeon Crawl Stone Soup version 0.21-a0-104-g7b58145 (webtiles) character file.

1121 Duffy the Chopper (level 8, -20/76 HPs)
             Began as a Naga Gladiator on July 5, 2017.
             Was a Believer of Wu Jian.
             Demolished by Prince Ribbit the polar bear (24 damage)
             ... on level 6 of the Dungeon.
             The game lasted 00:09:17 (6954 turns).

Duffy the Chopper (Naga Gladiator)                  Turns: 6954, Time: 00:09:17

Health: -20/76     AC:  8    Str: 25    XL:     8   Next: 34%
Magic:  8/8        EV:  6    Int:  8    God:    Wu Jian [**....]
Gold:   160        SH:  8    Dex: 12    Spells: 7/7 levels left

rFire    . . .     SeeInvis +   a - +0 war axe
rCold    . . .     Gourm    .   w - +0 shield
rNeg     . . .     Faith    .   z - +0 scale mail
rPois    +         Spirit   .   c - +0 helmet
rElec    .         Reflect  .   j - +0 cloak
rCorr    .         Harm     .   (no gloves)
MR       +....                  (no barding)
Stlth    ..........             (no amulet)
HPRegen  0.22/turn              (no ring)
MPRegen  0.11/turn              (no ring)

@: mighty, very slow
A: see invisible, deformed body, poison resistance, slowness 2, slow metabolism
1, spit poison 1, AC +2
a: Spit Poison, Renounce Religion


You were on level 6 of the Dungeon.
You worshipped Wu Jian.
Wu Jian was pleased with you.
You were not hungry.

You visited 1 branch of the dungeon, and saw 6 of its levels.

You collected 160 gold pieces.

Inventory:

Hand Weapons
 a - a +0 war axe (weapon)
Missiles
 d - 2 throwing nets (quivered)
Armour
 c - a +0 helmet (worn)
 j - a +0 cloak (worn)
 w - a +0 shield (worn)
 z - a +0 scale mail (worn)
Jewellery
 n - an uncursed ring of ice
Wands
 p - a wand of iceblast (4/15)
 v - a wand of polymorph (0/24)
 x - a wand of flame (20/48)
Scrolls
 e - a scroll of remove curse
 h - a scroll of recharging {unknown}
 l - a scroll of fog {unknown}
 m - a scroll of teleportation
 o - a scroll of magic mapping
 u - a scroll of enchant armour {unknown}
 y - a scroll of enchant weapon {unknown}
Potions
 g - a potion of resistance {unknown}
 s - a potion of magic
 t - a potion of lignification {unknown}
 B - a potion of mutation {unknown}
Comestibles
 f - 2 bread rations
 k - 4 royal jellies
 C - 2 meat rations


   Skills:
 - Level 5.8 Fighting
 + Level 7.3 Axes
 - Level 1.7 Throwing
 + Level 3.1 Armour
 - Level 2.4 Dodging


You had 7 spell levels left.
You didn't know any spells.

Dungeon Overview and Level Annotations

Branches:
Dungeon (6/15)
 Temple: D:4-7

Altars:
Cheibriados
Qazlal
Sif Muna
Trog
Wu Jian

Annotations:
D:6 Prince Ribbit


Innate Abilities, Weirdness & Mutations

You cannot wear boots.
Your serpentine skin is tough. (AC +2)
You have supernaturally acute eyesight. (SInv)
Armour fits poorly on your strangely shaped body.
Your system is resistant to poisons. (rPois)
You cover ground very slowly.
You have a slow metabolism.
You can spit poison.


Message History

Prince Ribbit bites you but does no damage.
You block Prince Ribbit's attack. Prince Ribbit claws you.
Prince Ribbit bites you. Prince Ribbit claws you. x2
You hit Prince Ribbit.
Prince Ribbit is severely wounded.
Prince Ribbit bites you! You block Prince Ribbit's attack.
Prince Ribbit claws you.
Your shield and scale mail prevent you from hitting Prince Ribbit.
Prince Ribbit is severely wounded.
Prince Ribbit goes berserk!
Your shield prevents you from hitting Prince Ribbit.
Prince Ribbit is severely wounded.
You block Prince Ribbit's attack. Prince Ribbit claws you.
Prince Ribbit barely misses you. x2
Prince Ribbit claws you but does no damage.
Prince Ribbit claws you.
You closely miss Prince Ribbit.
Prince Ribbit is severely wounded.
Prince Ribbit bites you!!
You die...

... ..# .
..###.. #
.....
##.##....
.###..#...#
#.........#
#....h@.#
#.##.....#
#........
##...##...#
#...# ..#
#..## ./
.... . ###.


You could see Prince Ribbit the polar bear (berserk).

Vanquished Creatures
  Sigmund (D:3)
  Eustachio (D:4)
  Menkaure (D:4)
  A phantom (D:4)
  Blork the orc (D:4)
  2 hounds (D:4)
  A centaur skeleton (D:1)
  Jessica (D:2)
  A bullfrog skeleton (D:4)
  5 orc wizards
  A worker ant (D:3)
  Robin (D:2)
  5 gnolls
  4 adders
  2 oozes
  An adder skeleton (D:4)
  2 worms
  2 dart slugs
  4 leopard geckos
  18 orcs
  4 giant cockroaches
  18 goblins
  14 hobgoblins
  13 jackals
  7 kobolds
  2 quokkas
  6 bats
  5 frilled lizards
  9 rats
133 creatures vanquished.

Vanquished Creatures (others)
  An adder (D:2)
1 creature vanquished.

Grand Total: 134 creatures vanquished

Notes
Turn   | Place    | Note
-------+----------+-------------------------------------------
     0 | D:1      | Duffy the Naga Gladiator began the quest for the Orb.
     0 | D:1      | Reached XP level 1. HP: 19/19 MP: 1/1
   429 | D:1      | Reached XP level 2. HP: 19/27 MP: 2/2
  1105 | D:1      | Reached XP level 3. HP: 12/34 MP: 3/3
  1429 | D:1      | Reached XP level 4. HP: 39/42 MP: 4/4
  1486 | D:2      | Noticed Robin
  1568 | D:1      | Reached skill level 4 in Axes
  1820 | D:2      | Killed Robin
  1973 | D:2      | Found an ornate altar of the Wu Jian Council.
  1993 | D:2      | Became a worshipper of the Wu Jian Council
  2003 | D:2      | Noticed Jessica
  2010 | D:2      | Killed Jessica
  2010 | D:2      | Reached XP level 5. HP: 47/50 MP: 5/5
  2332 | D:2      | Found a bloodstained altar of Trog.
  2618 | D:2      | Found a stormy altar of Qazlal.
  2826 | D:3      | Noticed Sigmund
  3253 | D:3      | Killed Sigmund
  3253 | D:3      | Reached skill level 5 in Fighting
  3253 | D:3      | Reached skill level 5 in Axes
  3253 | D:3      | Reached XP level 6. HP: 45/61 MP: 6/6
  3384 | D:3      | Reached * piety under Wu Jian
  4068 | D:3      | Reached XP level 7. HP: 54/67 MP: 7/7
  4848 | D:4      | Found a deep blue altar of Sif Muna.
  5018 | D:4      | Noticed Blork the orc
  5042 | D:4      | Killed Blork the orc
  5042 | D:4      | Reached skill level 6 in Axes
  5075 | D:4      | Reached ** piety under Wu Jian
  5150 | D:4      | Reached skill level 1 in Armour
  5938 | D:4      | Noticed Eustachio
  6005 | D:4      | Killed Eustachio
  6005 | D:4      | Reached skill level 7 in Axes
  6005 | D:4      | Reached XP level 8. HP: 68/76 MP: 8/8
  6278 | D:5      | Entered Level 5 of the Dungeon
  6278 | D:5      | Noticed Menkaure
  6288 | D:4      | Killed Menkaure
  6366 | D:5      | Found a snail-covered altar of Cheibriados.
  6378 | D:5      | Noticed Prince Ribbit
  6941 | D:5      | Noticed Prince Ribbit
  6941 | D:5      | Prince Ribbit changed into Prince Ribbit the polar bear
  6953 | D:6      | HP: 3/76 [Prince Ribbit the polar bear (4)]
  6954 | D:6      | Demolished by Prince Ribbit the polar bear

Vault maps used:
D:1:      lemuel_arrival_muddy
D:2:      grunt_qazlal_clouds, marbit_many_paths, lemuel_doored_altar,
          first_bread, uniq_jessica, uniq_robin
D:3:      minmay_crystal_water, uniq_sigmund
D:4:      led_sif_book, minivault_1, uniq_eustachio, uniq_blork_the_orc
D:5:      kennysheep_slug_shrine, uniq_menkaure, uniq_prince_ribbit1
D:6:      ashenzari_conservatory_becter, minmay_temple_entry_junction_2,
          uniq_duvessa

Skill      XL: |  1  2  3  4  5  6  7  8 |
---------------+-------------------------+-----
Fighting       | 3 5 |  5.8
Axes           | 4 5 7 |  7.3
Armour         | 2 3 |  3.1
Throwing       | |  1.7
Dodging        | |  2.4

Action                   |  1- 3 |  4- 6 |  7- 9 || total
-------------------------+-------+-------+-------++-------
Melee: War axe           |    83 |   196 |   185 ||   464
Throw: Throwing net      |       |     2 |     1 ||     3
 Abil: Spit Poison       |       |    25 |    17 ||    42
Evoke: Wand              |       |       |     7 ||     7
  Use: Scroll            |       |     4 |     7 ||    11
       Potion            |       |       |     6 ||     6
 Stab: Held in net/web   |       |       |     1 ||     1
  Eat: Chunk             |     1 |     4 |     8 ||    13
       Bread ration      |       |     1 |       ||     1
Armor: Leather armour    |    52 |    69 |    39 ||   160
       Scale mail        |       |       |    41 ||    41
Dodge: Dodged            |    76 |   133 |    82 ||   291
Block: Shield            |       |       |    63 ||    63
